Construct Section Command Post
Selects Australian Defense Battlegroup
Selects Australian Light Infantry Section
Australian Light Infantry Section
Australian Light Infantry Section
Construct Section Command Post
Construct Platoon Command Post
Selects 2-pounder Anti-tank Gun Team
2-pounder Anti-tank Gun Team
Unlock M3 Stuart Light Tanks
Australian Light Infantry Section
Selects CMP 15cwt Supply Run
Selects Reinforced Resource Caches
Construct Company Command Post
Australian Light Infantry Section
Construct Company Command Post
Selects Archer Tank Destroyer
Construct Field Infirmary
Selects Vehicle Over Repair
Australian Light Infantry Section
Australian Light Infantry Section